[Event "*** Titled Tuesday Blitz"]
[Site "Chess.com"]
[Date "2020.04.07"]
[Round "4"]
[White "GMHess"]
[Black "Fandorine"]
[Result "0-1"]
[WhiteElo "2767"]
[BlackElo "2976"]
[TimeControl "180+1"]
[EndTime "13:40:52 PDT"]
[Termination "Fandorine won by resignation"]

1. b3 g6 2. Bb2 Nf6 3. e3 Bg7 4. d3 d6 5. Nd2 e5 6. Ne2 Nc6 7.
h3 Be6 8. g4 Qd7 9. Bg2 h5 10.
g5 Nh7 11. h4 f6 12. gxf6 Nxf6 13. Nf3 O-O-O 14. Ng5 Kb8 15. Qd2 Rhf8 16. Nxe6 Qxe6 17. Ng3 d5 18. O-O-O a6 19. Bh3 Qe7 20. Rdg1 d4 21. Kb1 Bh6 22. Nf1 Qf7 23. Rh2 e4 24. Qe2 Ne5 25.
dxe4 Nxe4 26. f4 d3 27. cxd3 Nxd3 28. Bg2 Nxb2 29. Bxe4 Nd1 30. Qc2 Bg7 31. Bxg6 Qf6 32. Kc1 Qd6 33. Nd2 Nxe3 34. Nc4 Qxf4 35. Nxe3 Qxe3+ 0-1

[Event "*** Titled Tuesday Blitz"]
[Site "Chess.com"]
[Date "2020.04.07"]
[Round "4"]
[White "MaxVavulin"]
[Black "amintabatabaei"]
[Result "0-1"]
[WhiteElo "2547"]
[BlackElo "2810"]
[TimeControl "180+1"]
[EndTime "13:40:52 PDT"]
[Termination "amintabatabaei won on time"]

1. e4 e5 2. Nf3 Nc6 3. Bb5 Nf6 4. d3 d6 5. c4 Bg4 6. Be3 Nd7 7. h3 Bxf3 8. Qxf3 Be7 9. Nc3 O-O 10.
O-O Bg5 11. Qg3 Bxe3 12. fxe3 Nc5 13. Bxc6 bxc6 14. Rad1 Qe7 15. b4 Nd7 16. a4 a6 17.
Kh2 g6 18. Rf2 Kg7 19. b5 axb5 20. axb5 Ra3 21. Rc2 Nb8 22. bxc6 Nxc6 23. Nd5 Qd8 24.
Rb2 Ne7 25. Qe1 Nxd5 26. cxd5 Qd7 27. Qb4 Rfa8 28. Rc2 Qe7 29. Rc6 h5 30. Qc4 R8a7 31.
Rc1 Qg5 32. Rxc7 h4 33. Rf1 Qg3+ 34. Kh1 Ra2 35. Rcxf7+ Kh6 36. Rg1 Rxg2 0-1

[Event "*** Titled Tuesday Blitz"]
[Site "Chess.com"]
[Date "2020.04.07"]
[Round "4"]
[White "korbul"]
[Black "dretch"]
[Result "1/2-1/2"]
[WhiteElo "2574"]
[BlackElo "2779"]
[TimeControl "180+1"]
[EndTime "13:40:52 PDT"]
[Termination "Game drawn - insufficient material"]

1. d4 d5 2. c4 c6 3. Nf3 Nf6 4. e3 Bf5 5. Bd3 e6 6. Bxf5 exf5 7. O-O Nbd7 8. cxd5 Nxd5 9. Nc3 N7f6 10. Qd3 g6 11. Nxd5 Qxd5 12. Bd2 Bd6 13. Rac1 Qxa2 14. b3 Qa6 15. Qxa6 bxa6 16. Rxc6 Ne4 17. Ba5 O-O 18.
Nd2 Rfc8 19. Rfc1 Rxc6 20. Rxc6 Nxd2 21. Bxd2 Bf8 22. Rxa6 Rb8 23. Rxa7 Rxb3 24. g3 Rb2 25.
Ba5 Ra2 26. Kg2 Kg7 27. d5 Bb4 28. Bb6 Rxa7 29. Bxa7 Kf6 30. Bd4+ Ke7 31. Kf3 Kd6 32. e4 fxe4+ 33. Kxe4 f5+ 34. Kf4 Kxd5 35. Be3 Be7 36. g4 fxg4 37. Kxg4 Ke6 38. Bg5 h5+ 39. Kh4 Bd6 40. h3 Kf5 41. Be3 Bc7 42. f3 Bb8 43. Bh6 Bc7 44. Bd2 Bd6 45. Bh6 Be5 46. Bd2 Bh2 47. Be3 Bd6 48. Bh6 Bb4 49. Kg3 g5 50. Bg7 Bd6+ 51. Kg2 g4 52. fxg4+ hxg4 53. hxg4+ Kxg4 1/2-1/2

[Event "*** Titled Tuesday Blitz"]
[Site "Chess.com"]
[Date "2020.04.07"]
[Round "4"]
[White "Jeffinho023"]
[Black "SahajGrover"]
[Result "0-1"]
[WhiteElo "2444"]
[BlackElo "2657"]
[TimeControl "180+1"]
[EndTime "13:40:52 PDT"]
[Termination "SahajGrover won on time"]

1. d4 Nf6 2. Nf3 g6 3. g3 Bg7 4.
Bg2 O-O 5. O-O d5 6. c3 Bf5 7.
Bf4 c5 8. dxc5 Nc6 9. Nbd2 Nd7 10. Nb3 e5 11. Bg5 Nf6 12. Nfd2 e4 13. Nd4 Bd7 14. N2b3 h6 15. Bxf6 Qxf6 16. Nxc6 bxc6 17. e3 Qe7 18. Qc2 a5 19. a4 Rfb8 20. Rab1 h5 21. Rfd1 h4 22. c4 dxc4 23. Nd2 c3 24. bxc3 hxg3 25.
hxg3 Rxb1 26. Rxb1 f5 27. Rb7 Rd8 28. Nc4 Qxc5 29. Qb3 Be6 30. Bf1 Rd3 31. Rb8+ Kh7 32. Bxd3 exd3 33. Qb6 Qxc4 34. Rd8 Qe4 0-1

[Event "*** Titled Tuesday Blitz"]
[Site "Chess.com"]
[Date "2020.04.07"]
[Round "4"]
[White "DishonorOnYourCow"]
[Black "tacticthunder"]
[Result "0-1"]
[WhiteElo "2331"]
[BlackElo "2529"]
[TimeControl "180+1"]
[EndTime "13:40:52 PDT"]
[Termination "tacticthunder won by checkmate"]

1. d4 Nf6 2. c4 e6 3. Nf3 c5 4.
d5 d6 5. Nc3 exd5 6. cxd5 g6 7.
Nd2 Nbd7 8. e4 Bg7 9. Be2 O-O 10. O-O Ne8 11. Qc2 Nc7 12. a4 Rb8 13. Nc4 Ne5 14. Bf4 Nxc4 15. Bxc4 a6 16. a5 b5 17. axb6 Rxb6 18. h3 Rb4 19. b3 Nb5 20. Na2 Nd4 21. Qd1 Rb6 22. Rb1 Re8 23. Nc3 f5 24. Na4 Rb4 25.
Bd2 Rb8 26. exf5 Bxf5 27. Rc1 Qh4 28. Re1 Rf8 29. Re3 Be5 30. Bf1 Bc2 31. Qe1 Rxb3 32. Rxb3 Bxb3 33. Nxc5 Bxd5 34. Nd7 Rxf2 35. Nxe5 Ne2+ 36.
Bxe2 Rxg2+ 37. Kf1 Qxh3 38. Bc4 Qh1# 0-1

[Event "*** Titled Tuesday Blitz"]
[Site "Chess.com"]
[Date "2020.04.07"]
[Round "4"]
[White "Stouuf"]
[Black "Rogue_King"]
[Result "1-0"]
[WhiteElo "2508"]
[BlackElo "2226"]
[TimeControl "180+1"]
[EndTime "13:40:52 PDT"]
[Termination "Stouuf won by resignation"]

1. e4 c5 2. Nf3 Nc6 3. Bb5 g6 4. Bxc6 dxc6 5. d3 Bg7 6. h3 e5 7.
Be3 b6 8. Qd2 Be6 9. Qc3 Ne7 10.
Nbd2 O-O 11. a3 h6 12. b4 f5 13. Nc4 f4 14. Bd2 Qc7 15. bxc5 bxc5 16. Qa5 Qxa5 17. Bxa5 Bxc4 18. dxc4 Bf6 19. Ke2 Nc8 20. Rab1 Nd6 21. Nd2 Bd8 22. Bc3 Re8 23. Rhd1 Bc7 24. a4 a6 25. Ba1 Kf7 26. Rb3 Kf6 27. Rd3 g5 28.
Bb2 Rab8 29. Ba3 Nb7 30. Nb3 Bb6 31. Rd7 Re7 32. Rxe7 Kxe7 33. a5 Ba7 34. g4 Ke6 35. h4 gxh4 36. Rh1 Rg8 37. f3 Rg6 38. Rxh4 Kd6 39.
Rh5 Bb8 40. Bb2 Ke6 41. Rf5 Bc7 42. Rf8 Nxa5 43. Nxc5+ Kd6 44. Nd3 Nxc4 45. Bc3 Ke7 46.
Ra8 a5 47. Ra7 Kd6 48. Nxe5 Nxe5 49. Bxe5+ Kxe5 50. Rxc7 Kd6 51. Ra7 Kc5 52. Rxa5+ Kd4 53. Kd2 Rd6 54. c3+ Kc4+ 55. Kc2 c5 56. Ra4+ Kb5 57. Ra8 Re6 58. Rf8 Kc4 59. Rxf4 Ra6 60.
Kd2 Ra2+ 61. Ke3 Kxc3 62. Rf6 c4 63. Rxh6 Ra1 64. Rc6 Re1+ 65. Kf2 Rc1 66. g5 Kd2 67. g6 c3 68. g7 c2 69. g8=Q 1-0

[Event "*** Titled Tuesday Blitz"]
[Site "Chess.com"]
[Date "2020.04.07"]
[Round "4"]
[White "Fibrinogen"]
[Black "Chessmatus"]
[Result "0-1"]
[WhiteElo "2680"]
[BlackElo "2384"]
[TimeControl "180+1"]
[EndTime "13:40:53 PDT"]
[Termination "Chessmatus won by resignation"]

1. c4 e5 2. Nc3 Nf6 3. Nf3 Nc6 4. e3 Bb4 5. Qc2 O-O 6. Nd5 Re8 7. Bd3 g6 8. O-O Bf8 9. Nxf6+ Qxf6 10. Be4 d6 11. a3 a5 12. b3 Bg7 13. Bb2 Qe7 14. d4 exd4 15. Bxc6 bxc6 16. Bxd4 c5 17. Bxg7 Kxg7 18. Qc3+ Qf6 19. Qxf6+ Kxf6 20. Nd2 Bd7 21. Rab1 Bc6 22. Rfe1 Rab8 23. f3 Kg7 24. Kf2 f6 25. e4 Rb7 26.
Rb2 Reb8 27. Reb1 Bd7 28. Ke3 Be6 29. Kd3 Kf7 30. Kc3 Ke7 31. f4 c6 32. h3 h5 33. b4 cxb4+ 34. axb4 axb4+ 35. Rxb4 Rxb4 36. Rxb4 Ra8 37. Rb7+ Bd7 38. Kb2 c5 39. Nf3 Rg8 40. e5 fxe5 41. fxe5 Rf8 42. Kc3 Rf5 43. exd6+ Kxd6 44. Kd3 Bc6 45. Rg7 Bxf3 46. Rxg6+ Ke5 47. gxf3 Rxf3+ 48. Ke2 Rxh3 49. Kf2 Kd4 50. Kg2 Rh4 51. Kf3 Kxc4 52.
Rg1 Rd4 53. Rc1+ Kd5 0-1

[Event "*** Titled Tuesday Blitz"]
[Site "Chess.com"]
[Date "2020.04.07"]
[Round "4"]
[White "picturesquecheck"]
[Black "kleopl"]
[Result "0-1"]
[WhiteElo "2136"]
[BlackElo "2400"]
[TimeControl "180+1"]
[EndTime "13:40:53 PDT"]
[Termination "kleopl won by resignation"]

1. e4 d5 2. exd5 Qxd5 3. Nc3 Qd6 4. d4 Nf6 5. Bc4 a6 6. Nge2 b5 7. Bb3 Bb7 8. Bf4 Qd7 9. O-O e6 10. a3 c5 11. dxc5 Bxc5 12. Ng3 Qc6 13. Qf3 Qxf3 14.
gxf3 Bxf3 15. Rfe1 O-O 16. Nce4 Nxe4 17. Nxe4 Bb6 18.
Ng5 Bg4 19. h3 Bf5 20. h4 Nc6 21. Rad1 Nd4 22. Be3 Rfd8 23. Bxd4 Rxd4 24. Rxd4 Bxd4 25. c3 Bf6 26. Kg2 Rd8 27. Rd1 Rxd1 28. Bxd1 h6 29.
Nf3 Be4 30. Kg3 Kf8 31. Nd2 Bd5 32. Bf3 Bxf3 33. Nxf3 Ke7 34. h5 Kd6 35. Kf4 Kd5 36.
Ke3 Kc4 37. Nd2+ Kd5 38. Kd3 Bg5 39. Ne4 Bf4 40. b3 f5 41. c4+ bxc4+ 42. bxc4+ Kc6 43. Nc3 Be5 44. Ne2 Kc5 45. f4 Bb2 46. a4 Kb4 47. Kc2 Bf6 48. Kd3 Kxa4 49. Nc1 Kb4 50.
Na2+ Kc5 51. Nc1 a5 52. Nb3+ Kb4 53. Nd4 Bxd4 54. Kxd4 a4 55. c5 a3 56. c6 a2 57.
c7 0-1

[Event "*** Titled Tuesday Blitz"]
[Site "Chess.com"]
[Date "2020.04.07"]
[Round "4"]
[White "ajian"]
[Black "TheKingDoctor"]
[Result "1-0"]
[WhiteElo "2396"]
[BlackElo "2104"]
[TimeControl "180+1"]
[EndTime "13:40:54 PDT"]
[Termination "ajian won by checkmate"]

1. d4 d5 2. c4 c6 3. Nf3 Nf6 4. e3 Bf5 5. Nc3 e6 6. Nh4 Be4 7. f3 Bg6 8. Qb3 Qc7 9. Bd2 Be7 10. Nxg6 hxg6 11. Bd3 Nbd7 12. g3 O-O-O 13. O-O-O Kb8 14. Kb1 Nb6 15. cxd5 exd5 16. Na4 Nc4 17. Bxc4 dxc4 18. Qxc4 b5 19. Qb3 Ka8 20. Nc5 Bxc5 21. dxc5 Rd5 22. Bb4 Qd7 23. e4 Rd4 24. Rxd4 Qxd4 25. Rd1 Qf2 26. Qxf7 Qxf3 27. Re1 Qd3+ 28. Ka1 Rd8 29. a3 Rd7 30. Qf8+ Kb7 31. e5 Nd5 32. e6 Nxb4 33. exd7 Nc2+ 34. Ka2 Nxe1 35. Qc8# 1-0

[Event "*** Titled Tuesday Blitz"]
[Site "Chess.com"]
[Date "2020.04.07"]
[Round "4"]
[White "Indianlad"]
[Black "Keranke"]
[Result "1/2-1/2"]
[WhiteElo "3009"]
[BlackElo "2790"]
[TimeControl "180+1"]
[EndTime "13:40:55 PDT"]
[Termination "Game drawn by repetition"]

1. Nf3 g6 2. e4 Bg7 3. d4 d6 4. Bc4 Nf6 5. Qe2 O-O 6. O-O c6 7. Bb3 Qc7 8. e5 dxe5 9. dxe5 Nd5 10. h3 Na6 11. Rd1 Nc5 12. Bxd5 cxd5 13. Rxd5 Be6 14. Rd1 Rfd8 15. Rxd8+ Rxd8 16. Nc3 a6 17. Bf4 b5 18. a3 Bc4 19. Qe3 Ne6 20. Bh6 Nd4 21. Nxd4 Bxh6 22. Qxh6 Rxd4 23. Qe3 Qd8 24. b3 Be6 25. Rc1 h5 26. Kh2 Bf5 27. f3 Rd2 28. Ne4 Bxe4 29. Qxe4 e6 30. f4 h4 31. c4 bxc4 32. bxc4 Rd4 33. Qf3 Rd3 34. Qe4 Rd4 35. Qe3 Rd3 36.
Qc5 Rd2 37. Rb1 Qd3 38. Rb8+ Kh7 39. Rh8+ Kxh8 40. Qf8+ Kh7 41. Qxf7+ Kh8 42. Qf8+ Kh7 43. Qf7+ Kh8 44. Qf8+ Kh7 45. Qf7+ 1/2-1/2

[Event "*** Titled Tuesday Blitz"]
[Site "Chess.com"]
[Date "2020.04.07"]
[Round "4"]
[White "Bajecny"]
[Black "vanea_03"]
[Result "1/2-1/2"]
[WhiteElo "2273"]
[BlackElo "2615"]
[TimeControl "180+1"]
[EndTime "13:40:55 PDT"]
[Termination "Game drawn by repetition"]

1. d4 d5 2. c4 dxc4 3. Nf3 a6 4. a4 Nc6 5. e3 Bg4 6. Bxc4 e6 7. h3 Bh5 8. Nc3 Nf6 9. O-O Bd6 10. b3 O-O 11. Bb2 e5 12. dxe5 Bxf3 13. Qxf3 Nxe5 14. Qe2 Nxc4 15. Qxc4 Be5 16. Rfd1 Qe7 17. Nd5 Nxd5 18. Bxe5 Nxe3 19. fxe3 Qxe5 20. Qd4 Qe6 21. Qc3 c6 22.
Rd3 Rad8 23. Rad1 Rxd3 24. Rxd3 h6 25. Qc4 Qe7 26. b4 Qe5 27. b5 axb5 28. axb5 cxb5 29.
Qd5 Qe7 30. Qxb5 Rc8 31. Qb1 Qf6 32. Rb3 Qe5 33. Kh1 Ra8 34. Qe1 Ra1 35. Rb1 Ra2 36. Rxb7 Qe4 37. Rb8+ Kh7 38. Qb1 Qxb1+ 39. Rxb1 Re2 40.
Rb3 Kg6 41. Kg1 Kf5 42. Kf1 Ra2 43. Rb7 Kf6 44. Rb6+ Kf5 45. Rb7 Kf6 46. Rb6+ Kf5 47. Rb7 1/2-1/2

[Event "*** Titled Tuesday Blitz"]
[Site "Chess.com"]
[Date "2020.04.07"]
[Round "4"]
[White "Sjakkerntobi"]
[Black "Alopekos"]
[Result "0-1"]
[WhiteElo "2250"]
[BlackElo "2445"]
[TimeControl "180+1"]
[EndTime "13:40:56 PDT"]
[Termination "Alopekos won by resignation"]

1. e4 c5 2. Nf3 e6 3. d4 cxd4 4. Nxd4 Nc6 5. Nc3 Qc7 6. Be3 a6 7. Qf3 Ne5 8. Qg3 b5 9. f4 Nc4 10. Bxc4 Qxc4 11. f5 Bb7 12. fxe6 dxe6 13. Nce2 Bxe4 14.
O-O Nf6 15. Qe5 Qd5 16. Qg3 Bd6 17. Nf4 Qe5 18. Rae1 g5 19. Nfe2 Qd5 20. Qf2 Bxh2+ 21. Kh1 Be5 22. Nc3 Qb7 23. Nxe4 Nxe4 24. Qf3 g4 25. Qxg4 Ng3+ 26. Kg1 Nxf1 27. Rxf1 O-O-O 28. Nxe6 Rhg8 29. Ng5+ Kb8 30. Qf5 f6 31. Nf3 Bxb2 32. Bf4+ Ka8 33. Rb1 Be5 34. Bxe5 fxe5 35. a4 Rdf8 36.
Qd3 Rxf3 37. Qf1 0-1

[Event "*** Titled Tuesday Blitz"]
[Site "Chess.com"]
[Date "2020.04.07"]
[Round "4"]
[White "SketchyMoves"]
[Black "sergiochess83"]
[Result "1-0"]
[WhiteElo "2688"]
[BlackElo "2822"]
[TimeControl "180+1"]
[EndTime "13:40:57 PDT"]
[Termination "SketchyMoves won on time"]

1. e4 e5 2. Bc4 Nf6 3. d3 c6 4.
Nf3 d5 5. Bb3 a5 6. a4 Bb4+ 7. c3 Bd6 8. Bg5 Be6 9. exd5 cxd5 10.
Na3 Nc6 11. Nb5 Bb8 12. O-O h6 13. Bh4 g5 14. Bg3 Nh5 15. d4 Nxg3 16. fxg3 e4 17. Ne1 O-O 18. g4 Na7 19. Nxa7 Rxa7 20. Nc2 Qd6 21. g3 h5 22. Ne3 h4 23. Nf5 Qc7 24.
Qd2 Qd8 25. Kg2 Ra6 26. Ba2 Rb6 27. Rab1 Kh7 28. Rbe1 Rg8 29. Rh1 Rg6 30. Ref1 Qd7 31. Qc2 Qc7 32. Ne3 Qd7 33. Nf5 Rc6 34. Qd1 Rb6 35. Rf2 Bc7 36. Ne3 Bd6 37. Rhf1 Kg8 38. Bxd5 hxg3 39. hxg3 1-0

[Event "*** Titled Tuesday Blitz"]
[Site "Chess.com"]
[Date "2020.04.07"]
[Round "4"]
[White "BakaPG"]
[Black "florianschwabeneder"]
[Result "0-1"]
[WhiteElo "2680"]
[BlackElo "2525"]
[TimeControl "180+1"]
[EndTime "13:40:57 PDT"]
[Termination "florianschwabeneder won by resignation"]

1. e4 c5 2. Nf3 d6 3. d4 cxd4 4. Nxd4 Nf6 5. f3 e6 6. c4 Be7 7. Nc3 O-O 8. Be3 Nbd7 9. Qd2 d5 10. cxd5 exd5 11. exd5 Nb6 12. Nf5 Bxf5 13. Rd1 Bb4 14. Be2 Re8 15. O-O Qe7 16. Bxb6 axb6 17. Bb5 Qc5+ 18.
Kh1 Bxc3 19. bxc3 Qxb5 20. g4 Bg6 21. Rf2 Rad8 22. d6 Qc6 23. Qf4 Nd5 24. Qg3 Rd7 25. h4 h5 26. gxh5 Bxh5 27. Rg1 f6 28. Qh3 Nf4 29.
Qf5 Qxd6 30. c4 Re5 31. Qxf4 Qe6 32. Kh2 Rf5 33. Qg3 Re5 34. Rgg2 Qxc4 35. Rd2 Ree7 36. Rc2 Qd5 37. Rc8+ Kh7 38. f4 Qf5 39. Rf2 Rd3 40. Qg2 Qxc8 41. f5 Qc7+ 42. Kg1 Re1+ 43. Rf1 Qc5+ 44.
Kh2 Qe5+ 45. Kg1 Rg3 0-1

[Event "*** Titled Tuesday Blitz"]
[Site "Chess.com"]
[Date "2020.04.07"]
[Round "4"]
[White "goodluck06"]
[Black "EnergeticHay"]
[Result "1-0"]
[WhiteElo "2614"]
[BlackElo "2195"]
[TimeControl "180+1"]
[EndTime "13:40:57 PDT"]
[Termination "goodluck06 won by resignation"]

1. Nf3 Nf6 2. c4 g6 3. Nc3 Bg7 4. g3 d6 5. Bg2 O-O 6. d4 c5 7.
O-O Nc6 8. dxc5 dxc5 9. Be3 Qa5 10. Qa4 Qb4 11. a3 Qxb2 12. Nb5 Nd7 13. Rab1 Qxe2 14. Nc7 Rb8 15. Rfd1 Nb6 16. Rxb6 axb6 17. Rd2 Qxd2 18.
Nxd2 Bd7 19. Nd5 Rfd8 20. Nxb6 Be8 21. Qc2 Nd4 22. Qb1 Bc6 23. Nd5 Kf8 24. Nb3 e6 25. Bg5 exd5 26. Bxd8 Rxd8 27. Nxc5 dxc4 28. Bxc6 bxc6 29.
Qb4 c3 30. Ne4+ Kg8 31. Nxc3 Bf8 32. Qa5 Re8 33. Kg2 Nc2 34. Qa4 Nxa3 35. Qxc6 Rd8 36.
Nd5 Nc2 37. Nf6+ Kg7 38. Ng4 Nd4 39. Qf6+ Kg8 40. Qxd8 Nf5 41. Nf6+ Kg7 42. Ne8+ Kg8 43. Qa8 Ne7 44. Nf6+ Kg7 45. Nxh7 Kxh7 46. Qxf8 1-0

[Event "*** Titled Tuesday Blitz"]
[Site "Chess.com"]
[Date "2020.04.07"]
[Round "4"]
[White "H3nriqueTV"]
[Black "Korchmar_Vasiliy"]
[Result "0-1"]
[WhiteElo "2191"]
[BlackElo "2612"]
[TimeControl "180+1"]
[EndTime "13:40:57 PDT"]
[Termination "Korchmar_Vasiliy won by checkmate"]

1. e4 c5 2. Nf3 d6 3. d4 cxd4 4.
Nxd4 Nf6 5. Nc3 Nc6 6. Be2 e5 7. Nf3 Be7 8. O-O h6 9. Re1 O-O 10. Bf1 Bg4 11. Be3 a6 12. Nd5 Nxd5 13. exd5 Nb8 14. h3 Bh5 15. Be2 Nd7 16. c4 f5 17.
Nd2 Bxe2 18. Qxe2 f4 19. Bd4 Qe8 20. Bc3 Qg6 21. f3 Bd8 22. Ne4 Bb6+ 23. Kh1 Nc5 24. Nxc5 Bxc5 25. b4 Be3 26. c5 dxc5 27. bxc5 e4 28.
d6 Rac8 29. d7 Rcd8 30. Rad1 Rf7 31. Rd6 Qf5 32. Red1 exf3 33. Qxf3 Rfxd7 34. Rxd7 Rxd7 35. Rxd7 Qxd7 36. Qe2 Qd5 37. Qg4 Qf7 38. Be5 Kh7 39. Bd6 Qg6 40. Qf3 Qb1+ 41. Kh2 Qg1# 0-1

[Event "*** Titled Tuesday Blitz"]
[Site "Chess.com"]
[Date "2020.04.07"]
[Round "4"]
[White "EugeneRougon"]
[Black "zmeeed67"]
[Result "1-0"]
[WhiteElo "2707"]
[BlackElo "2366"]
[TimeControl "180+1"]
[EndTime "13:40:57 PDT"]
[Termination "EugeneRougon won by checkmate"]

1. e4 Nc6 2. Nf3 d6 3. Bb5 a6 4. Bxc6+ bxc6 5. O-O Nf6 6. e5 Nd5 7. h3 g6 8. d4 Bg7 9. c4 Nb6 10.
b3 O-O 11. Nc3 a5 12. a4 Nd7 13. Be3 dxe5 14. Qd2 exd4 15. Nxd4 Bb7 16. Rad1 c5 17.
Nde2 Bc6 18. Bh6 Nf6 19. Qg5 Bxh6 20. Qxh6 Qc8 21. Qe3 Qf5 22. Ng3 Qe6 23. Qxc5 Bb7 24. Rfe1 Qc6 25. Qxc6 Bxc6 26. Rxe7 Rab8 27. Rxc7 Ba8 28.
Nb5 Rfe8 29. Rd6 Kg7 30. Ra6 h5 31. Raa7 h4 32. Rxf7+ Kg8 33. Nf1 Nh5 34. Ne3 Red8 35. Ng4 Rb6 36. Nh6+ Kh8 37. Rh7# 1-0

[Event "*** Titled Tuesday Blitz"]
[Site "Chess.com"]
[Date "2020.04.07"]
[Round "4"]
[White "ChessBitl"]
[Black "yawnpawn"]
[Result "1-0"]
[WhiteElo "2323"]
[BlackElo "1734"]
[TimeControl "180+1"]
[EndTime "13:40:57 PDT"]
[Termination "ChessBitl won on time"]

1. e4 c5 2. Nf3 Nc6 3. d4 cxd4 4.
Nxd4 g6 5. c4 Bg7 6. Be3 Nf6 7.
Nc3 O-O 8. f3 Qb6 9. Nf5 Qxb2 10. Na4 Qe5 11. Nxg7 Kxg7 12. Be2 Qc7 13. c5 d6 14. cxd6 exd6 15. O-O Be6 16. Qd2 Rfd8 17. Nc3 d5 18. exd5 Nxd5 19. Nxd5 Bxd5 20. Qb2+ Kg8 21. Bg5 Re8 22. Bb5 Qb6+ 23. Kh1 a6 24. Bh6 Ne5 25.
f4 Qxb5 26. Qd2 Ng4 27. Bg5 h6 28. h3 Ne3 29. Rfe1 hxg5 30. Rxe3 gxf4 31. Rd3 Bc4 32. Rd4 f3 33. gxf3 Qc6 34. Rg1 1-0

[Event "*** Titled Tuesday Blitz"]
[Site "Chess.com"]
[Date "2020.04.07"]
[Round "4"]
[White "esskeettit"]
[Black "ChelsieMonica"]
[Result "0-1"]
[WhiteElo "2336"]
[BlackElo "2235"]
[TimeControl "180+1"]
[EndTime "13:40:57 PDT"]
[Termination "ChelsieMonica won by checkmate"]

1. d4 Nf6 2. c4 e6 3. Nc3 Bb4 4. e3 Bxc3+ 5. bxc3 O-O 6. Bd3 b6 7. Ne2 Bb7 8. O-O d6 9. f3 Nbd7 10. e4 e5 11. Bg5 h6 12. Bh4 a5 13. Rc1 a4 14. a3 Ra5 15. Bc2 Qa8 16. Qd2 Ba6 17. Bd3 Qc6 18. d5 Qb7 19. Ng3 b5 20. Rb1 Qa7+ 21.
Kh1 bxc4 22. Be2 Rb5 23. Rxb5 Bxb5 24. Nf5 Kh7 25. f4 Nxe4 26. Qc2 Ndc5 27. fxe5 Nd3 28.
Nd4 Qc5 29. e6 f5 30. e7 Rf7 31. Bh5 g6 32. Bf3 Ng5 33. Bxg5 hxg5 34. Ne6 Qe3 35. Nxc7 Bd7 36. e8=Q Bxe8 37. Nxe8 Qxe8 38. h3 Qe3 39. Qxa4 Nf2+ 40. Kh2 Qf4+ 41. Kg1 Nd3 42. Qe8 Rg7 43. Be2 Qg3 44. Bf3 Nf4 45. Kh1 g4 46. hxg4 fxg4 47. Be4 Qh4+ 48. Kg1 Ne2# 0-1

[Event "*** Titled Tuesday Blitz"]
[Site "Chess.com"]
[Date "2020.04.07"]
[Round "4"]
[White "LiemLe"]
[Black "MikeKorovin"]
[Result "1-0"]
[WhiteElo "2971"]
[BlackElo "2764"]
[TimeControl "180+1"]
[EndTime "13:40:58 PDT"]
[Termination "LiemLe won by resignation"]

1. e4 e6 2. d4 d5 3. Nc3 Bb4 4. e5 Qd7 5. Qg4 Bf8 6. f4 b6 7. Nf3 Ba6 8. Be3 Nh6 9. Qh3 Nf5 10. Bf2 Bb4 11. g4 Ne7 12. Bxa6 Nxa6 13. O-O Bxc3 14. bxc3 h5 15. Ng5 Nb8 16. Be3 Rh6 17. f5 hxg4 18. fxe6 fxe6 19. Qxg4 Nf5 20. Nxe6 Qxe6 21.
Bxh6 g6 22. Bg5 Nc6 23. Rf3 Kd7 24. Raf1 Rh8 25. Bf6 Rg8 26. Kh1 Nfxd4 27. Qxe6+ Nxe6 28. Rd1 Nc5 29. Rxd5+ Ke6 30. Rd1 Ne4 31. Re1 Nc5 32.
Rg3 Na5 33. Rg4 Nd7 34. Reg1 Nf8 35. Bg5 Nb7 36. Bh6 Nd7 37. Rxg6+ Rxg6 38. Rxg6+ Kxe5 39. Rg7 Ke6 40. Bf4 c5 41. h4 Na5 42. h5 Nf6 43. h6 Nc6 44. h7 Nxh7 45. Rxh7 Kf5 46. Bc7 1-0

[Event "*** Titled Tuesday Blitz"]
[Site "Chess.com"]
[Date "2020.04.07"]
[Round "4"]
[White "1f3_2g41-0"]
[Black "AlexOstrovskiy"]
[Result "0-1"]
[WhiteElo "2161"]
[BlackElo "2609"]
[TimeControl "180+1"]
[EndTime "13:40:58 PDT"]
[Termination "AlexOstrovskiy won by checkmate"]

1. e4 e6 2. d4 b6 3. Nc3 Bb7 4. f4 Bb4 5. Bd3 Nf6 6. Qe2 d5 7. e5 Ne4 8. Bd2 Qh4+ 9. Kf1 Ng3+ 10. hxg3 Qxh1 11. Nb5 Bxd2 12. Qxd2 Na6 13. Kf2 O-O 14. Re1 Qh6 15. Nf3 g6 16. Ng5 Qg7 17. Rh1 h6 18.
Nf3 f6 19. exf6 Rxf6 20. Ne5 c5 21. Nd6 c4 22. Bxg6 Rxg6 23. Nxg6 Qxg6 24. Nxb7 Nc7 25.
Nd6 Rd8 26. f5 Qg5 27. Qb4 exf5 28. Nb7 Rd7 29. a4 Qe7 30. Qd2 Ne8 31. Qxh6 Qf6 32. Qh5 Qxd4+ 33. Kf1 Nf6 34. Qg6+ Rg7 35. Qxf5 Qd1+ 36.
Kf2 Ng4+ 37. Qxg4 Qxg4 38. Nd6 Qxg3+ 39. Ke2 Qxd6 40. Ke3 Qg3+ 41. Kd4 Qxg2 42. Re1 Qg4+ 43. Kxd5 Rd7+ 44. Kc6 Qd4 45. Kb5 Qd5+ 46. Ka6 Qa5# 0-1

[Event "*** Titled Tuesday Blitz"]
[Site "Chess.com"]
[Date "2020.04.07"]
[Round "4"]
[White "Flawless_Fighter"]
[Black "fidezivkovic"]
[Result "1-0"]
[WhiteElo "2563"]
[BlackElo "2349"]
[TimeControl "180+1"]
[EndTime "13:40:59 PDT"]
[Termination "Flawless_Fighter won on time"]

1. e4 c5 2. Nf3 g6 3. c3 Bg7 4. d4 cxd4 5. cxd4 d5 6. e5 Bg4 7. Nc3 Nc6 8. Bb5 Rc8 9. h3 Bxf3 10. Qxf3 e6 11. O-O Ne7 12. Bg5 O-O 13. Rad1 Qb6 14. Qe2 Nf5 15. Bxc6 Rxc6 16. Na4 Qc7 17. g4 Ne7 18.
Nc5 b6 19. Na6 Qd7 20. Rc1 Rfc8 21. Qb5 Qb7 22. Rxc6 Nxc6 23. Be3 f6 24. exf6 Bxf6 25. Nc5 Qf7 26. Nb3 Ne7 27. Rc1 Rxc1+ 28. Bxc1 g5 29.
Be3 Ng6 30. Qc6 Nh4 31. Nd2 Kg7 32. b4 Be7 33. b5 h5 34. Qd7 hxg4 35. hxg4 Kf8 36.
a4 Ng6 37. Nf3 Qxf3 38. Qxe6 Nf4 39. Qf5+ 1-0

[Event "*** Titled Tuesday Blitz"]
[Site "Chess.com"]
[Date "2020.04.07"]
[Round "4"]
[White "fugadelafuga"]
[Black "Crazy_girl99"]
[Result "0-1"]
[WhiteElo "2313"]
[BlackElo "2491"]
[TimeControl "180+1"]
[EndTime "13:40:59 PDT"]
[Termination "Crazy_girl99 won on time"]

1. e4 e5 2. Nf3 Nc6 3. Bb5 a6 4. Ba4 Nf6 5. O-O Nxe4 6. d4 b5 7. Bb3 d5 8. dxe5 Be6 9. c3 Be7 10.
Bf4 O-O 11. Nbd2 Nc5 12. Bc2 d4 13. cxd4 Nxd4 14. Nxd4 Qxd4 15. Ne4 Qxd1 16. Rfxd1 Na4 17. b3 Nb6 18. Be3 Nd5 19. Bc5 Rfe8 20. Bxe7 Rxe7 21. Nc5 a5 22. Be4 c6 23. Rd2 g6 24. Rad1 Kg7 25. Rc1 Rd8 26. g3 h5 27. Rcd1 Rh8 28. h4 Bg4 29. f3 Be6 30. Kf2 Ra8 31. Rc1 Rd8 32.
Rcd1 Ra8 33. a3 b4 34. axb4 axb4 35. Rc1 Nc3 36. Bxc6 Rc8 37. Nxe6+ Rxe6 38. Bd7 Rd8 0-1

[Event "*** Titled Tuesday Blitz"]
[Site "Chess.com"]
[Date "2020.04.07"]
[Round "4"]
[White "Nikolakis2014"]
[Black "David_Paravyan"]
[Result "1-0"]
[WhiteElo "2704"]
[BlackElo "2958"]
[TimeControl "180+1"]
[EndTime "13:41:00 PDT"]
[Termination "Nikolakis2014 won by resignation"]

1. Nf3 Nf6 2. c4 g6 3. Nc3 Bg7 4. e4 e5 5. Nxe5 O-O 6. Be2 Re8 7. Nf3 Nxe4 8. O-O Nc6 9. d4 d6 10. h3 Bf5 11. Nd5 Be6 12. Bd3 Bxd5 13. cxd5 Nxd4 14. Nxd4 Bxd4 15. Bb5 Bxf2+ 16. Rxf2 Nxf2 17. Kxf2 c6 18. Be2 Qb6+ 19. Kf1 Re5 20. Bf3 Rae8 21. Bd2 cxd5 22. Bc3 Rf5 23. Qd4 Qxd4 24. Bxd4 Rf4 25. Rd1 b6 26. Kg1 h5 27. Bxd5 Re2 28.
Bf3 Rc2 29. Bc3 Rc4 30. Rxd6 R4xc3 31. bxc3 Rxc3 32. Bd5 Rc7 33. Bb3 Kg7 34. Kf2 b5 35. Ra6 Rd7 36. Ke3 Re7+ 37. Kd3 Rd7+ 38. Kc3 Re7 39.
Kb4 Re2 40. Rxa7 Rxg2 41. Rxf7+ Kh6 42. Kxb5 Rg3 43. h4 Rh3 44. Rf4 Rg3 45. Be6 g5 46.
Rf6+ Kg7 47. hxg5 h4 48. Rf4 Rxg5+ 49. Kb4 Rh5 50. a4 h3 51. Bxh3 Rxh3 52. a5 Rh1 53. a6 Kg6 54. Kb5 Kg5 55. Rb4 Ra1 56. Kb6 Kf6 57. a7 Ke7 58. Kb7 1-0